 Dungeon Crawl Stone Soup version 0.24-a0-271-ga0fc33f (webtiles) character file.

Game seed: 16907008114335886791

65 nikopol the Firebug (level 3, 0/19 HPs)
             Began as a Deep Elf Fire Elementalist on Apr 23, 2019.
             Slain by Crazy Yiuf
             ... wielding a +4 quarterstaff of chaos
              (6 damage)
             ... on level 2 of the Dungeon.
             The game lasted 00:03:22 (1612 turns).

nikopol the Firebug (Deep Elf Fire Elementalist)    Turns: 1612, Time: 00:03:23

Health: 0/19       AC:  3    Str:  5    XL:     3   Next: 92%
Magic:  8/10       EV: 13    Int: 20    God:
Gold:   58         SH:  0    Dex: 15    Spells: 3/9 levels left

rFire    . . .     SeeInvis .   g - +1 short sword (venom)
rCold    . . .     Gourm    .   (no shield)
rNeg     + . .     Faith    .   a - +0 robe
rPois    .         Spirit   .   (no helmet)
rElec    .         Reflect  .   (no cloak)
rCorr    .         Harm     .   f - +0 pair of gloves
MR       .....                  (no boots)
Stlth    ++........             (no amulet)
HPRegen  0.06/turn              m - ring of positive energy
MPRegen  0.12/turn              (no ring)

@: no status effects
A: no striking features
a: no special abilities


You were on level 2 of the Dungeon.
You were not hungry.

You visited 1 branch of the dungeon, and saw 2 of its levels.

You collected 58 gold pieces.

Inventory:

Hand Weapons
 g - a +1 short sword of venom (weapon)
Armour
 a - a +0 robe (worn)
 f - a +0 pair of gloves (worn)
Jewellery
 m - a ring of positive energy (left hand)
 s - a +3 ring of intelligence {unknown}
Scrolls
 d - 3 scrolls of identify {unknown}
 h - a scroll of enchant armour {unknown}
 j - a scroll of remove curse {unknown}
 n - a scroll of random uselessness {unknown}
 r - a scroll of magic mapping {unknown}
 t - a scroll of teleportation {unknown}
 u - a scroll of fog {unknown}
 w - a scroll of amnesia {unknown}
Potions
 b - 2 potions of curing {unknown}
 e - a potion of berserk rage {unknown}
 i - a potion of ambrosia {unknown}
 k - 2 potions of flight {unknown}
 l - a potion of might {unknown}
 o - a potion of mutation {unknown}
 p - a potion of haste {unknown}
 q - a potion of degeneration {unknown}
 x - a potion of agility {unknown}
Comestibles
 c - 6 rations
 v - 2 chunks of flesh


   Skills:
 + Level 3.1 Dodging
 + Level 2.6 Stealth
 + Level 3.8 Spellcasting
 + Level 1.6 Conjurations
 + Level 4.2 Fire Magic


You had 3 spell levels left.
You knew the following spells:

 Your Spells              Type           Power        Failure   Level  Hunger
a - Flame Tongue          Conj/Fire      ###..        3%          1    None
b - Throw Flame           Conj/Fire      ###...       6%          2    ##.....
c - Conjure Flame         Conj/Fire      ###.....     12%         3    ###....

Your spell library contained the following spells:

 Spells                   Type           Power        Failure   Level  Hunger
 Inner Flame              Hex/Fire       ##......     16%         3    ###....
 Sticky Flame             Conj/Fire      ###.....     36%         4    ####...
 Fireball                 Conj/Fire      ###.......   71%         5    ######.


Dungeon Overview and Level Annotations

Branches:
Dungeon (2/15)

Altars:

Annotations:
D:2 Crazy Yiuf


Message History

You see here a giant cockroach corpse.
You start resting.
Crazy Yiuf shouts!
Magic restored.
You open the door.
Crazy Yiuf drinks a potion.
Crazy Yiuf flickers and vanishes!
Deactivating autopickup; reactivate with Ctrl-A.
Casting: Flame Tongue (safe; 3% risk of failure)
Confirm with . or Enter, or press ? or * to list all spells.
Aiming: Flame Tongue (safe; 3% risk of failure)
Press: ? - help, Shift-Dir - straight line
Casting: Flame Tongue (safe; 3% risk of failure)
Confirm with . or Enter, or press ? or * to list all spells.
Aiming: Flame Tongue (safe; 3% risk of failure)
Press: ? - help, Shift-Dir - straight line The flame tongue hits something but does no damage.
Something hits you!
Ouch! That really hurt!
Something burns you.
You die...

###.##..######.#
.#.###..# #.# #.##
#..# #.# ### #..# ###
######..# ........#
.#####..##♣♣ ###
.#####...+P♣♣ ♣♣#..)#
(.).......PP♣♣♣♣@{...#
.............♣..♣#...#
..######.+..♣.♣♣♣ ###
..# ###♣♣♣♣♣ ..# ..#
######### ..#
#.......# ..#
#.####### ..####†#


There were no monsters in sight!

Vanquished Creatures
  A gnoll (D:1)
  3 dart slugs (D:1)
  3 leopard geckos
  13 giant cockroaches
  5 goblins
  2 hobgoblins (D:1)
  2 jackals (D:2)
  A quokka (D:2)
  6 bats
  A kobold (D:2)
  4 rats
41 creatures vanquished.

Notes
Turn   | Place    | Note
-------+----------+-------------------------------------------
     0 | D:1      | nikopol the Deep Elf Fire Elementalist began the quest for
                  | the Orb.
     0 | D:1      | Reached XP level 1. HP: 10/10 MP: 6/6
   105 | D:1      | Reached XP level 2. HP: 15/15 MP: 4/8
   235 | D:1      | Reached skill level 4 in Fire Magic
   483 | D:1      | Reached XP level 3. HP: 19/19 MP: 4/9
   487 | D:1      | Learned a level 2 spell: Throw Flame
   491 | D:1      | Learned a level 3 spell: Conjure Flame
   873 | D:2      | Found a runed translucent door.
   874 | D:2      | Noticed Crazy Yiuf
  1612 | D:2      | Slain by Crazy Yiuf

Levels and vault maps discovered:
D:1:      nicolae_arrival_memento_mori, layout_basic, serial_glass,
          glass_columns_b, glass_columns_c
D:2:      minmay_roachtagon, layout_loops_ring, uniq_crazy_yiuf_cottage

Skill      XL: |  1  2 |
---------------+-------+-----
Dodging        | 3 |  3.1
Fire Magic     | 4 |  4.2
Stealth        | |  2.6
Spellcasting   | |  3.8
Conjurations   | |  1.6

Action                   || total
-------------------------++-------
 Cast: Flame Tongue      ||    82
  Eat: Chunk             ||     2
Armor: Robe              ||     3
Dodge: Dodged            ||    11

Table legend:
 A = Non-vault XP
 B = Vault XP
 C = Vault XP percentage of total XP
 D = Non-vault monster count
 E = Vault monster count
 F = Vault count percentage of total count
                 A         B        C        D         E       F
            +---------+---------+-------+---------+---------+-------
      Total |      71 |      22 |  23.7 |      30 |      11 |  26.8
            +---------+---------+-------+---------+---------+-------
        D:1 |      42 |       0 |   0.0 |      13 |       0 |   0.0
        D:2 |      29 |      22 |  43.1 |      17 |      11 |  39.3
            +---------+---------+-------+---------+---------+-------
